 Dungeon Crawl Stone Soup version 0.22-a0-877-g5c4e1af (webtiles) character file.

8495 Xerlanti the Arsonist (level 11, 0/76 HPs)
             Began as a Demonspawn Fire Elementalist on July 29, 2018.
             Was a High Priest of Sif Muna.
             Slain by an unseen horror (6 damage)
             ... on level 10 of the Dungeon.
             The game lasted 00:51:57 (14438 turns).

Xerlanti the Arsonist (DsFE)                       Turns: 14438, Time: 00:51:57

Health: 0/76       AC: 10    Str:  8    XL:     11   Next: 10%
Magic:  19/21      EV: 20    Int: 20    God:    Sif Muna [*****.]
Gold:   640        SH:  4    Dex: 14    Spells: 14/24 levels left

rFire    . . .     SeeInvis .   I - +5 scimitar (freeze)
rCold    . . .     Gourm    .   q - +1 buckler
rNeg     . . .     Faith    .   o - +1 leather armour {MR+}
rPois    .         Spirit   .   (no helmet)
rElec    .         Reflect  .   (no cloak)
rCorr    .         Harm     .   (no gloves)
MR       +....                  (no boots)
Stlth    +.........             (no amulet)
HPRegen  0.22/turn              b - ring of wizardry
MPRegen  0.17/turn              u - +6 ring of evasion

@: sanguine armour, studying Armour, drained
A: hooves 2, demonic guardian 1, powered by death 2, sanguine armour 1
a: Divine Energy, Channel Magic, Forget Spell, Renounce Religion


You were on level 10 of the Dungeon.
You worshipped Sif Muna.
Sif Muna was extremely pleased with you.
You were not hungry.

You visited 1 branch of the dungeon, and saw 11 of its levels.

You collected 640 gold pieces.

Inventory:

Hand Weapons
 I - a +5 scimitar of freezing (weapon)
Armour
 a - a +0 hat
 o - a +1 leather armour of magic resistance (worn)
 q - a +1 buckler (worn)
Jewellery
 b - a ring of wizardry (left hand)
 i - an uncursed ring of protection from fire
 u - a +6 ring of evasion (right hand)
 w - a +3 ring of protection
 G - an uncursed ring of protection from magic
Wands
 h - a wand of clouds (5)
 r - a wand of acid (7)
 x - a wand of digging (23)
Scrolls
 e - 2 scrolls of teleportation
 p - 3 scrolls of remove curse
 s - a scroll of enchant armour
 v - a scroll of immolation
 C - a scroll of noise
Potions
 d - 2 potions of lignification {unknown}
 j - 3 potions of magic {unknown}
 k - 3 potions of degeneration {unknown}
 m - 2 potions of mutation {unknown}
 n - 2 potions of might {unknown}
 z - a potion of flight {unknown}
 A - 4 potions of brilliance {unknown}
Books
 F - a manual of Armour
Comestibles
 c - 15 rations


   Skills:
 + Level 3.7(3.2) Fighting
 + Level 3.5(3.0) Armour
 - Level 6.5(5.9) Dodging
 - Level 1.7(1.3) Stealth
 + Level 7.0(6.5) Spellcasting
 + Level 6.4(5.9) Conjurations
 * Level 10.2(9.6) Fire Magic
 - Level 5.2(4.7) Invocations


You had 14 spell levels left.
You knew the following spells:

 Your Spells              Type           Power        Failure   Level  Hunger
a - Flame Tongue          Conj/Fire      #####        1%          1    None
b - Throw Flame           Conj/Fire      #####.       1%          2    None
c - Conjure Flame         Conj/Fire      #####...     1%          3    #......
d - Sticky Flame          Conj/Fire      #####...     4%          4    ###....

Your spell library contained the following spells:

 Spells                   Type           Power        Failure   Level  Hunger
 Fireball                 Conj/Fire      #####.....   11%         5    #####..
 Bolt of Magma            Conj/Fire/Erth ####......   30%         5    #####..
 Iron Shot                Conj/Erth      ###.......   98%         6    ######.
 Statue Form              Tmut/Erth      #........    100%        6    ######.
 Shatter                  Erth           #.........   100%        9    #######
 Leda's Liquefaction      Hex/Erth       #.........   65%         4    ###....
 Inner Flame              Hex/Fire       ####....     4%          3    #......


Dungeon Overview and Level Annotations

Branches:
Dungeon (11/15)            Temple (0/1) D:6            Lair (0/6) D:10
    Orc: D:9-12

Altars:
Cheibriados
Dithmenos
Elyvilon
Fedhas
Hepliaklqana
Kikubaaqudgha
Makhleb
Qazlal
Sif Muna
Yredelemnul
Zin
The Shining One

Annotations:
D:11 Josephine


Innate Abilities, Weirdness & Mutations

You have hoof-like feet.
A weak demonic guardian rushes to your aid.
You regenerate health from kills.
When seriously injured, your bleeding wounds create armour. (AC +6)


Message History

Aiming: Conjure Flame (safe; 1% risk of failure)
Press: ? - help, Dir - move target cursor You see a ghostly outline there, and the spell fizzles.
Something hits you but does no damage. x2; Something barely misses you.
You barely miss something. Your kick misses something.
Something hits you but does no damage. Something misses you.
Something hits you but does no damage.
You closely miss something. Your kick misses something.
Something barely misses you.
You barely miss something. You kick something. Something barely misses you.
Something closely misses you. Something hits you!
* * * LOW HITPOINT WARNING * * *
Something hits you but does no damage.
You slash something! You freeze something. You kick something!
Something hits you.
* * * LOW HITPOINT WARNING * * *
Something hits you but does no damage.
You closely miss something. You kick something. Something barely misses you.
Something hits you.
You die...

#.# #.##yy...>#.. #.#
############.######....[ #.#
#.........$#.# #..... ##.##
#.########.#†######.....
#...####.# #.#zz).5.......
#........# ####.########.....
#...####.# #....# #.....
####.## #.# #.#### #...). .#
#.# #.# #@# #####).... .# #.#
#.# #.# #..<.).... )###)###
#.# #.# #####.###.####
.#.....# #.#####.###.....###.#
)#.....###.#.................#
.)...............###.#########
##.....#########.....#
#.....#########.#####
###.####........#


There were no monsters in sight!

Vanquished Creatures
  Erolcha (D:9)
  An ugly thing (D:8)
  The ghost of lurker the Firebug, an amateur OgFE (D:5)
  A wyvern (D:10)
  A yak (D:10)
  4 hogs (D:7)
  A human (D:7)
  A hungry ghost (D:10)
  2 water moccasins
  6 porcupines (D:10)
  A phantom (D:10)
  A black bear (D:10)
  An ice beast (D:9)
  3 orc warriors
  2 sky beasts
  3 necrophages (D:7)
  5 ogres
  A centaur (D:9)
  A crocodile (D:8)
  A big kobold (D:9)
  6 bullfrogs
  A wyvern zombie (D:6)
  A water moccasin zombie (D:7)
  4 scorpions
  A water moccasin skeleton (D:5)
  9 killer bees
  7 electric eels
  17 wights
  4 howler monkeys
  6 crimson imps
  A bullfrog zombie (D:7)
  7 hounds
  2 jellies
  2 orc priests (D:7)
  A bullfrog skeleton (D:4)
  2 iguanas
  4 orc wizards (D:10)
  Natasha (D:2)
  2 centaur skeletons
  8 worker ants
  2 killer bee zombies (D:8)
  A hound zombie (D:7)
  A hound skeleton (D:8)
  A howler monkey zombie (D:8)
  Robin (D:3)
  2 worker ant zombies (D:7)
  4 gnolls (D:7)
  12 adders
  2 shadow imps
  2 oozes
  2 adder zombies
  An adder skeleton (D:9)
  A worm (D:2)
  3 dart slugs
  3 leopard geckos
  10 orcs
  7 bats
  A giant cockroach (D:1)
  12 goblins
  6 hobgoblins
  13 jackals
  9 kobolds
  5 quokkas
  A ball python (D:6)
  6 frilled lizards
  2 jackal zombies (D:7)
  A quokka zombie (D:5)
  5 rats
240 creatures vanquished.

Vanquished Creatures (collateral kills)
  A porcupine (D:10)
  A centaur (D:7)
  An orc wizard (D:10)
  Natasha (twice) (D:2)
  A worker ant (D:10)
  A jackal (D:6)
7 creatures vanquished.

Vanquished Creatures (others)
  A bush (D:7)
  63 fungi (D:10)
  66 plants
130 creatures vanquished.

Grand Total: 377 creatures vanquished

Notes
Turn   | Place    | Note
-------+----------+-------------------------------------------
     0 | D:1      | Xerlanti the Demonspawn Fire Elementalist began the quest for the Orb.
     0 | D:1      | Reached XP level 1. HP: 13/13 MP: 3/3
     6 | D:1      | Reached skill level 3 in Fire Magic
   227 | D:1      | Gained mutation: A weak demonic guardian rushes to your aid. [demonic ancestry]
   227 | D:1      | Reached XP level 2. HP: 19/19 MP: 1/5
   884 | D:1      | Reached XP level 3. HP: 24/24 MP: 4/6
  1124 | D:2      | Found a white marble altar of Elyvilon.
  1390 | D:2      | Noticed Natasha
  1401 | D:2      | Killed Natasha
  1551 | D:2      | Gained mutation: You regenerate a little health from kills. [demonic ancestry]
  1551 | D:2      | Reached XP level 4. HP: 24/30 MP: 2/8
  2024 | D:2      | Found a shadowy altar of Dithmenos.
  2094 | D:2      | Noticed Natasha
  2101 | D:2      | Killed Natasha
  2105 | D:2      | Noticed Natasha
  2111 | D:2      | Killed Natasha
  2111 | D:2      | Reached XP level 5. HP: 35/35 MP: 4/9
  2182 | D:3      | Learned a level 2 spell: Throw Flame
  2186 | D:3      | Learned a level 3 spell: Conjure Flame
  2191 | D:3      | Learned a level 4 spell: Sticky Flame
  2309 | D:3      | Found a burning altar of Makhleb.
  2340 | D:3      | Noticed Robin
  2527 | D:3      | Found a basalt altar of Yredelemnul.
  2528 | D:3      | Found an ancient bone altar of Kikubaaqudgha.
  2688 | D:3      | Found a deep blue altar of Sif Muna.
  2688 | D:3      | Found a snail-covered altar of Cheibriados.
  2698 | D:3      | Became a worshipper of Sif Muna the Loreminder
  2756 | D:3      | Killed Robin
  2756 | D:3      | Reached skill level 4 in Fire Magic
  3409 | D:4      | Noticed an ogre
  3441 | D:4      | Killed an ogre
  3441 | D:4      | Gained mutation: You have large cloven feet. [demonic ancestry]
  3441 | D:4      | Reached XP level 6. HP: 34/41 MP: 4/11
  4099 | D:5      | Entered Level 5 of the Dungeon
  4192 | D:5      | Found a runed gate.
  4193 | D:5      | Found a runed gate.
  4193 | D:5      | Found a runed gate.
  4195 | D:5      | Noticed lurker's ghost (amateur OgFE)
  4214 | D:5      | Found a stormy altar of Qazlal.
  4475 | D:5      | Noticed a sky beast
  4507 | D:5      | Killed a sky beast
  4507 | D:5      | Gained mutation: You have hoof-like feet. [demonic ancestry]
  4507 | D:5      | Reached XP level 7. HP: 46/46 MP: 5/13
  4631 | D:5      | Reached skill level 5 in Fire Magic
  4735 | D:5      | Reached * piety under Sif Muna
  5585 | D:5      | Killed lurker's ghost
  5585 | D:5      | Reached skill level 5 in Spellcasting
  5585 | D:5      | Gained mutation: When seriously injured, your bleeding wounds create armour. (AC +6) [demonic ancestry]
  5585 | D:5      | Reached XP level 8. HP: 41/52 MP: 7/15
  6068 | D:6      | Found a blossoming altar of Fedhas.
  6082 | D:6      | Found a glowing golden altar of the Shining One.
  6112 | D:6      | Reached skill level 6 in Fire Magic
  6830 | D:6      | Found a staircase to the Ecumenical Temple.
  7125 | D:7      | Reached ** piety under Sif Muna
  7125 | D:7      | Reached skill level 7 in Fire Magic
  7139 | D:7      | Reached skill level 5 in Dodging
  7473 | D:8      | Reached XP level 9. HP: 57/57 MP: 11/16
  7701 | D:8      | Reached skill level 1 in Invocations
  7769 | D:8      | Reached skill level 8 in Fire Magic
  8212 | D:8      | Found a hazy altar of Hepliaklqana.
  8360 | D:8      | Noticed a white ugly thing
  8372 | D:8      | Killed a white ugly thing
  9378 | D:7      | Reached *** piety under Sif Muna
  9520 | D:7      | Reached skill level 5 in Conjurations
 10184 | D:7      | Reached skill level 9 in Fire Magic
 10187 | D:7      | Reached XP level 10. HP: 46/64 MP: 4/19
 10411 | D:7      | Found a blossoming altar of Fedhas.
 10787 | D:7      | Reached skill level 1 in Fighting
 11824 | D:9      | Noticed Erolcha
 11911 | D:9      | Killed Erolcha
 11911 | D:9      | Reached skill level 5 in Invocations
 12120 | D:10     | Entered Level 10 of the Dungeon
 12199 | D:10     | Reached **** piety under Sif Muna
 12368 | D:10     | Reached skill level 1 in Armour
 12946 | D:11     | Noticed Josephine
 13135 | D:10     | Reached skill level 10 in Fire Magic
 13433 | D:10     | Gained mutation: You regenerate health from kills. [demonic ancestry]
 13433 | D:10     | Reached XP level 11. HP: 75/75 MP: 15/21
 13508 | D:10     | Found a glowing silver altar of Zin.
 13576 | D:10     | Reached ***** piety under Sif Muna
 13777 | D:10     | Received a gift from Sif Muna
 13844 | D:10     | Found a staircase to the Lair.
 14438 | D:10     | Slain by an unseen horror

Vault maps used:
D:1:      dpeg_arrival_refuge, chequers_big_river
D:2:      grunt_dithmenos_smoke, elyvilon_altar_1, uniq_natasha
D:3:      grunt_temple_overflow_open, lightli_temple_of_fire, first_ration,
          uniq_robin
D:4:      glass_columns_a
D:5:      nicolae_qazlal_general_emergency, ebering_ghost_rock_garden
D:6:      cheibrodos_helix_gallery, lemuel_crystal_altar,
          minmay_temple_entry_poolview, basic_altar,
          corexii_item_surrounded_by_moat
D:7:      fedhas_altar_decomposition, grunt_livestock
D:8:      kennysheep_big_flooded_room, lemuel_coloured_pillars_altar,
          grunt_tough_drop
D:9:      uniq_erolcha
D:10:     due_lair_maze_entry_diamond, basic_altar, minmay_gold_behind_fungi
D:11:     zombieorc2_lemuel, serial_shops, shop, gammafunk_ghost_hydra_chop,
          uniq_josephine

Skill      XL: |  1  2  3  4  5  6  7  8  9 10 11 |
---------------+----------------------------------+-----
Fire Magic     | 3 4 5 7 9 10 | 10.2
Dodging        | 2 3 5 6 |  6.5
Spellcasting   | 3 4 5 6 7 |  7.0
Conjurations   | 2 3 4 5 6 |  6.4
Invocations    | 4 5 |  5.2
Fighting       | 3 |  3.7
Armour         | 3 |  3.5
Stealth        | |  1.7

Action                   |  1- 3 |  4- 6 |  7- 9 | 10-12 || total
-------------------------+-------+-------+-------+-------++-------
Melee: Dagger            |    43 |    70 |   125 |       ||   238
       Kick              |       |     5 |    27 |    30 ||    62
       Scimitar          |       |       |     2 |    87 ||    89
 Fire: Shortbow          |       |       |       |    15 ||    15
 Cast: Flame Tongue      |    45 |    88 |   155 |   195 ||   483
       Conjure Flame     |       |    10 |    23 |    21 ||    54
       Throw Flame       |       |     6 |    70 |    42 ||   118
       Sticky Flame      |       |       |     1 |    18 ||    19
  Use: Scroll            |     2 |     4 |     5 |    11 ||    22
       Potion            |       |       |     2 |     6 ||     8
  Eat: Chunk             |     3 |     9 |     6 |     6 ||    24
       Ration            |       |       |     4 |     3 ||     7
Armor: Robe              |    19 |     5 |       |       ||    24
       Leather armour    |       |    14 |    38 |    48 ||   100
Dodge: Dodged            |    52 |    67 |   123 |   168 ||   410
Block: Buckler           |       |       |       |     2 ||     2
       Rpst.: Scimitar   |       |       |     8 |    46 ||    54

Table legend:
 A = Spawn XP
 B = Non-spawn XP
 C = Spawn XP percentage of total XP
 D = Spawn monster count
 E = Non-spawn monster count
 F = Spawn count percentage of total count
 G = Total turns spent on level
                    A         B        C        D         E        F      G
               +---------+---------+-------+---------+---------+-------+---------
         Total |       0 |   12137 |   0.0 |       0 |     247 |   0.0 | 14438
               +---------+---------+-------+---------+---------+-------+---------
           D:1 |       0 |      42 |   0.0 |       0 |      19 |   0.0 |  1117
           D:2 |       0 |     161 |   0.0 |       0 |      23 |   0.0 |  1052
           D:3 |       0 |      57 |   0.0 |       0 |      19 |   0.0 |  1087
           D:4 |       0 |     213 |   0.0 |       0 |       8 |   0.0 |   843
           D:5 |       0 |    1078 |   0.0 |       0 |      20 |   0.0 |  1662
           D:6 |       0 |     525 |   0.0 |       0 |      14 |   0.0 |  1184
           D:7 |       0 |    2147 |   0.0 |       0 |      37 |   0.0 |  1959
           D:8 |       0 |    1956 |   0.0 |       0 |      27 |   0.0 |  2291
           D:9 |       0 |    1872 |   0.0 |       0 |      26 |   0.0 |   972
          D:10 |       0 |    4086 |   0.0 |       0 |      54 |   0.0 |  2269
               +---------+---------+-------+---------+---------+-------+---------
